 Dungeon Crawl Stone Soup version 0.28.0-47-ge53b351184 (webtiles) character file.

Game seed: 3620195560558146291

613 bobregger the Skirmisher (level 7, -1/117 HPs)
             Began as an Ogre Berserker on May 1, 2022.
             Was a Priest of Trog.
             Slain by a gnoll
             ... wielding a +0 halberd
              (10 damage)
             ... on level 5 of the Dungeon.
             The game lasted 00:05:04 (5813 turns).

bobregger the Skirmisher (Ogre Berserker)           Turns: 5813, Time: 00:05:04

Health: -1/117     AC:  4    Str: 22    XL:     7   Next: 44%
Magic:  7/7        EV: 11    Int:  8    God:    Trog [***...]
Gold:   140        SH:  0    Dex: 10    Spells: 6/6 levels left

rFire   . . .      SeeInvis .   a - +0 mace
rCold   . . .      Faith    .   (no shield)
rNeg    . . .      Spirit   .   b - +0 animal skin
rPois   .          Reflect  .   (helmet restricted)
rElec   .          Harm     .   m - +0 cloak
rCorr   .          Rampage  .   (gloves unavailable)
Will    .....                   (boots unavailable)
Stlth   ..........              (no amulet)
HPRegen 0.29/turn               (no ring)
MPRegen 0.10/turn               (no ring)

@: berserking (expiring), very quick
A: large, unfitting armour, tough skin 1
a: Renounce Religion, Berserk, Trog's Hand


You were on level 5 of the Dungeon.
You worshipped Trog.
Trog was most pleased with you.
You visited 1 branch of the dungeon, and saw 5 of its levels.

You collected 140 gold pieces.

Inventory:

Hand Weapons
 a - a +0 mace (weapon)
 i - a +0 flail
Armour
 b - a +0 animal skin (worn)
 c - a +0 cloak
 m - a +0 cloak (worn)
Scrolls
 d - a scroll of teleportation
 e - 3 scrolls of identify {unknown}
 f - a scroll of torment {unknown}
 g - a scroll of fog {unknown}
 h - 2 scrolls of immolation {unknown}
 n - a scroll of silence {unknown}
Potions
 j - a potion of cancellation {unknown}
 k - a potion of flight {unknown}
 l - 2 potions of brilliance {unknown}


   Skills:
 * Level 7.5 Fighting
 + Level 4.1 Maces & Flails
 * Level 5.3 Dodging


You had 6 spell levels left.
You didn't know any spells.
Your spell library was empty.

Dungeon Overview and Level Annotations

Branches:
Dungeon (5/15)
 Temple: D:4-7

Altars:


Innate Abilities, Weirdness & Mutations

You are too large for most types of armour.
You have tough skin. (AC +1)


Message History

The gnoll sergeant barely misses you.
The gnoll hits you from afar with a +0 halberd.
You sock the gnoll sergeant!
The gnoll sergeant is moderately wounded.
You hit the gnoll sergeant.
The gnoll sergeant is heavily wounded.
The gnoll sergeant hits you with a +0 spear.
The gnoll hits you from afar with a +0 halberd!
You sock the gnoll sergeant!
The gnoll sergeant is almost dead.
The gnoll hits you from afar with a +0 halberd!
* * * LOW HITPOINT WARNING * * *
The gnoll sergeant hits you with a +0 spear.
* * * LOW HITPOINT WARNING * * *
You closely miss the gnoll sergeant.
The gnoll sergeant is almost dead.
The gnoll hits you from afar with a +0 halberd!
* * * LOW HITPOINT WARNING * * *
The gnoll sergeant hits you with a +0 spear.
* * * LOW HITPOINT WARNING * * *
You thump the gnoll sergeant!
You kill the gnoll sergeant!
Trog accepts your kill. The gnoll barely misses you.
You thump the gnoll!
The gnoll is severely wounded.
The gnoll hits you with a +0 club.
* * * LOW HITPOINT WARNING * * *
You barely miss the gnoll.
The gnoll is severely wounded.
The gnoll barely misses you.
You sock the gnoll!
You kill the gnoll!
Trog accepts your kill. The gnoll barely misses you.
You sock the gnoll!
You kill the gnoll!
Trog accepts your kill.
The gnoll hits you from afar with a +0 halberd!
You die...

.######### ###
.........# ...
.#######.# #.# #
..#######(### #.# #
.>..........####.# #
#.#########.###......##
.......####.#
#..[....###
#g)@)..###..........
######.....#####.###
####### #†# #.# #.# #.#
#.# #.# ..#


You could see a gnoll.

Vanquished Creatures
  An ogre (D:5)
  A gnoll sergeant (D:5)
  A howler monkey (D:5)
  2 hounds (D:5)
  3 jellies (D:2)
  A gnoll shaman (D:4)
  A scorpion zombie (D:5)
  An iguana (D:4)
  5 gnolls
  5 adders
  A howler monkey skeleton (D:5)
  2 ufetubi (D:4)
  An adder skeleton (D:4)
  A worm (D:4)
  6 orcs
  10 endoplasms
  A giant cockroach (D:1)
  7 goblins
  8 hobgoblins
  6 jackals (D:2)
  7 quokkas
  3 ball pythons
  6 bats
  2 frilled lizards
  14 kobolds
  5 rats
101 creatures vanquished.

Vanquished Creatures (others)
  10 fungi (D:2)
  7 toadstools (D:2)
17 creatures vanquished.

Grand Total: 118 creatures vanquished

Notes
Turn   | Place    | Note
-------+----------+-------------------------------------------
     0 | D:1      | bobregger the Ogre Berserker began the quest for the Orb.
     0 | D:1      | Reached XP level 1. HP: 24/24 MP: 1/1
   210 | D:1      | Reached XP level 2. HP: 7/32 MP: 2/2
   760 | D:1      | Found a faded altar of an unknown god.
  1314 | D:2      | Reached XP level 3. HP: 25/40 MP: 3/3
  1560 | D:2      | Reached ** piety under Trog
  2073 | D:2      | Reached skill level 5 in Fighting
  2073 | D:2      | Reached XP level 4. HP: 17/50 MP: 4/4
  2980 | D:2      | Reached XP level 5. HP: 57/57 MP: 5/5
  3507 | D:3      | Reached skill level 6 in Fighting
  4150 | D:4      | Reached XP level 6. HP: 51/67 MP: 6/6
  5339 | D:5      | Entered Level 5 of the Dungeon
  5369 | D:5      | Reached *** piety under Trog
  5603 | D:5      | Reached skill level 7 in Fighting
  5754 | D:5      | Reached skill level 5 in Dodging
  5754 | D:5      | Reached XP level 7. HP: 78/78 MP: 7/7
  5813 | D:5      | Slain by a gnoll

Illustrated notes

Levels and vault maps discovered:
D:1:      amcnicky_arrival_single_pillar, layout_loops_ring,
          hellmonk_ecumenical_altar_leap_of_faith, minmay_strange_pillars
D:2:      cheibrodos_fertilizer, layout_loops_ring
D:3:      layout_basic
D:4:      layout_basic
D:5:      layout_loops_ring

Skill      XL: |  1  2  3  4  5  6  7 |
---------------+----------------------+-----
Dodging        | 3 4 5 |  5.3
Maces & Flails | 3 4 |  4.1
Fighting       | 5 6 7 |  7.5

Action                   |  1- 3 |  4- 6 |  7- 9 || total
-------------------------+-------+-------+-------++-------
Melee: Mace              |   117 |   193 |    16 ||   326
       Punch             |     2 |     1 |       ||     3
Invok: Berserk           |     2 |     5 |     2 ||     9
  Use: Scroll            |       |     1 |       ||     1
 Stab: Sleeping          |     1 |     1 |       ||     2
       Distracted        |     1 |       |       ||     1
Armor: Animal skin       |    46 |    50 |       ||    96
Dodge: Dodged            |    68 |   139 |     6 ||   213
